 Dungeon Sprint DCSS version 0.20-a0-809-gaf7f668 (webtiles) character file.

1300000 esc the Fighter (level 11, -16/98 HPs)
             Began as a Demonspawn Warper on Mar 3, 2017.
             Was an Initiate of Makhleb.
             Demolished by a bag of meat
             ... wielding a +9 war axe
              (24 damage)
             ... in the Dungeon (Sprint VIII: "Arena of Blood").
             The game lasted 00:00:16 (13 turns).

esc the Fighter (Demonspawn Warper)                   Turns: 13, Time: 00:00:17

Health: -16/98     AC:  5    Str: 15    XL:     11   Next: 71%
Magic:  0/26       EV: 18    Int: 15    God:    Makhleb [......]
Gold:   0          SH:  0    Dex: 12    Spells: 32/32 levels left

rFire    . . .     SeeInvis .   l - +∞ Axe of Woe
rCold    . . .     Gourm    .   b - +0 leather armour
rNeg     . . .     Faith    .   (shield currently unavailable)
rPois    .         Spirit   +   (no helmet)
rElec    .         Reflect  .   (no cloak)
rCorr    .         Harm     .   (no gloves)
MR       .....     NoTele   +   (no boots)
Stlth    +.........             (no amulet)
Regen    0.3/turn               (no ring)
MPRegen  0.2/turn               (no ring)

@: no status effects
A: hooves 2, rugged brown scales 1, magic shield, rot immunity
a: Renounce Religion


You were in the Dungeon.
You worshipped Makhleb.
Makhleb was noncommittal.
You were not hungry.

You visited 1 branch

Inventory:

Hand Weapons
 a - a +0 hand axe
 l - the +∞ Axe of Woe (weapon)
   (You found it in the Dungeon)
Missiles
 e - 5 tomahawks of dispersal {=f}
Armour
 b - a +0 leather armour (worn)
Scrolls
 d - 2 scrolls of blinking {!r}
Potions
 g - a potion of curing
 h - a potion of heal wounds
 i - a potion of haste
 j - 2 potions of magic
 k - a potion of berserk rage {!q}
Books
 c - a book of Spatial Translocations
Comestibles
 f - a bread ration {@e1}


   Skills:
 + Level 12.4 Fighting
 + Level 11.4 Axes
 + Level 11.2 Throwing
 + Level 11.3 Armour
 + Level 11.5 Dodging
 + Level 11.4 Spellcasting
   Level 2.6 Translocations


You had 32 spell levels left.
You didn't know any spells.

Dungeon Overview and Level Annotations

Branches:
Dungeon (1/1)

Altars:
Makhleb


Innate Abilities, Weirdness & Mutations

You have hoof-like feet.
You are partially covered in rugged brown scales. (AC +1, +3% HP)
When hurt, damage is shared between your health and your magic reserves.
You are immune to rotting.


Message History

------------------------------------------------------------------------------ ------------------------------------------------------------------------------ -- -- -- The Arena Of Blood -- -- -- -- -- -- -- -- You descend into the pit of gibs and meat, -- -- The sunken abyss of the depraved, -- -- The mill of turgid gutspawn. -- -- The writhen instruments serve in adoration, -- -- Immured beneath a rotten throne. -- -- -- -- Before you lies the servitor of chaos, -- -- The cleaver, -- -- The blasphemer, -- -- The destroyer, -- -- The Axe of Woe. -- -- -- -- Vessel of Makhleb, -- -- You are the unmaker, -- -- You bring the rapture, -- -- The murmurs of the thralls rise... -- -- The theatre of blood begins. -- -- -- ------------------------------------------------------------------------------ ------------------------------------------------------------------------------ Welcome, esc the Demonspawn Warper.
Found the +∞ Axe of Woe.
Found four burning altars of Makhleb.
Found a staircase leading out of the dungeon.
Unknown command.
Unknown command.
Unknown command.
Unknown command.
l - the +∞ Axe of Woe Wield which item (- for none, * to show all)? (? for menu, Esc to quit)
l - the +∞ Axe of Woe (weapon)
You hear a shout! x6
A bag of meat comes into view. It is wielding a +9 war axe.
You hear a shout! x7
There is a burning altar of Makhleb here.
You kneel at the altar of Makhleb.
You hear a shout! x9
Unknown command.
You hear a shout! x5
There is a burning altar of Makhleb here.
You kneel at the altar of Makhleb.
Makhleb welcomes you!
You hear a shout! x8
A bag of meat comes into view. It is wielding a +9 war axe.
You hear a shout! x7
A bag of meat comes into view. It is wielding a +9 war axe.
The bag of meat shouts!
You hear a shout! x6 2 orcs come into view.
A bag of meat comes into view. It is wielding a +9 war axe.
The bag of meat shouts!
You hear a shout! x19
A meat berserker comes into view.
It is wielding a +9 battleaxe. 3 orcs and an ogre come into view.
The bag of meat shouts! x3; The meat berserker shouts!
You hear a shout! x7
A meat berserker comes into view.
It is wielding a +9 battleaxe. 2 orcs and a two-headed ogre come into view.
The large bag of meat shouts in stereo!
The bag of meat shouts! x2
You hear a shout! x2
The meat berserker rages.
You hear a shout! x7
The meat berserker rages.
A bag of meat comes into view. It is wielding a +9 war axe.
You hear a shout! x3
The meat berserker rages.
You hear a shout! x4 2 orcs come into view.
The bag of meat shouts! x2
You slash the bag of meat!
You butcher the bag of meat messily.
You kill the bag of meat!
Makhleb accepts your kill.
Your Fighting skill gained 10 levels and is now at level 12!
Your Axes skill gained 10 levels and is now at level 11!
Your Throwing skill gained 11 levels and is now at level 11!
Your Armour skill gained 11 levels and is now at level 11!
Your Dodging skill gained 10 levels and is now at level 11!
Your Spellcasting skill gained 9 levels and is now at level 11!
You have reached level 2!
Your demonic ancestry asserts itself...
You feel your magical essence form a protective shroud around your flesh.
You have reached level 3!
Your experience leads to an increase in your attributes!
Increase (S)trength, (I)ntelligence, or (D)exterity?
You feel stronger.
Your demonic ancestry asserts itself...
Rugged brown scales grow over part of your body.
You have reached level 4!
You feel stronger.
Your demonic ancestry asserts itself...
You feel immune to rotting.
You have reached level 5!
You have reached level 6!
Your experience leads to an increase in your attributes!
Increase (S)trength, (I)ntelligence, or (D)exterity?
You feel stronger.
You have reached level 7!
You have reached level 8!
You feel clever.
Your demonic ancestry asserts itself...
Your feet thicken and deform.
You have reached level 9!
Your experience leads to an increase in your attributes!
Increase (S)trength, (I)ntelligence, or (D)exterity?
You feel stronger.
You have reached level 10!
You have reached level 11!
Your demonic ancestry asserts itself...
Your feet thicken and deform.
You hear a shout! x8
The meat berserker hits you with a +9 battleaxe!!!
Ouch! That really hurt!
You hear a shout!
The bag of meat hits you with a +9 war axe!!
* * * LOW HITPOINT WARNING * * *
You hear a shout!
The bag of meat hits you with a +9 war axe!!
You die...

#o....##.##....
.o..............
.O.....o#.#.....
...oo............
.....O..o........
#................
....o..oOo......
......o@O.......
...#.......#...
#.o.o...# .
...###....O..###..
.o......###.......
#........_........
......#.....#.....
o.....#_.<._#.....
..... #...o.#.....


You could see a large bag of meat (inner flame), 4 meat berserkers and 12 bags
of meat.

Vanquished Creatures
  An orc (D)
1 creature vanquished.

Notes
Turn   | Place    | Note
-------+----------+-------------------------------------------
     0 | D        | esc the Demonspawn Warper began the quest for the Orb.
     0 | D        | Reached XP level 1. HP: 16/16 MP: 3/3
     3 | D        | Noticed a bag of meat
     6 | D        | Became a worshipper of Makhleb the Destroyer
     7 | D        | Noticed a bag of meat
     8 | D        | Noticed a bag of meat
     9 | D        | Noticed a bag of meat
     9 | D        | Noticed a bag of meat
     9 | D        | Noticed a bag of meat
    10 | D        | Noticed a meat berserker
    10 | D        | Noticed a bag of meat
    10 | D        | Noticed a bag of meat
    10 | D        | Noticed a bag of meat
    10 | D        | Noticed a meat berserker
    11 | D        | Noticed a meat berserker
    11 | D        | Noticed a large bag of meat
    11 | D        | Noticed a bag of meat
    11 | D        | Noticed a bag of meat
    12 | D        | Noticed a bag of meat
    13 | D        | Noticed a bag of meat
    13 | D        | Noticed a bag of meat
    13 | D        | Killed a bag of meat
    13 | D        | Reached skill level 12 in Fighting
    13 | D        | Reached skill level 11 in Axes
    13 | D        | Reached skill level 11 in Throwing
    13 | D        | Reached skill level 11 in Armour
    13 | D        | Reached skill level 11 in Dodging
    13 | D        | Reached skill level 11 in Spellcasting
    13 | D        | Gained mutation: When hurt, damage is shared between your health and your magic reserves. [demonic ancestry]
    13 | D        | Reached XP level 2. HP: 39/39 MP: 3/14
    13 | D        | Gained mutation: You are partially covered in rugged brown scales. (AC +1, +3% HP) [demonic ancestry]
    13 | D        | Reached XP level 3. HP: 39/46 MP: 3/15
    13 | D        | Gained mutation: You are immune to rotting. [demonic ancestry]
    13 | D        | Reached XP level 4. HP: 44/53 MP: 3/17
    13 | D        | Reached XP level 5. HP: 50/59 MP: 3/18
    13 | D        | Reached XP level 6. HP: 55/66 MP: 3/20
    13 | D        | Reached XP level 7. HP: 61/73 MP: 3/21
    13 | D        | Gained mutation: You have large cloven feet. [demonic ancestry]
    13 | D        | Reached XP level 8. HP: 67/80 MP: 3/23
    13 | D        | Reached XP level 9. HP: 72/85 MP: 3/24
    13 | D        | Reached XP level 10. HP: 77/92 MP: 3/25
    13 | D        | Gained mutation: You have hoof-like feet. [demonic ancestry]
    13 | D        | Reached XP level 11. HP: 83/98 MP: 3/26
    13 | D        | HP: 8/98 [bag of meat/+9 war axe (26)]
    13 | D        | Demolished by a bag of meat

Vault maps used:
D:        meatsprint

Skill      XL: |  1 |
---------------+----+-----
Fighting       | 12 | 12.4
Axes           | 11 | 11.4
Throwing       | 11 | 11.2
Armour         | 11 | 11.3
Dodging        | 11 | 11.5
Spellcasting   | 11 | 11.4
Translocations | |  2.6

Action                   |  1- 3 |  4- 6 |  7- 9 | 10-12 || total
-------------------------+-------+-------+-------+-------++-------
Melee: Executioner's axe |     1 |       |       |       ||     1

Vault maps used:
D:        meatsprint

Table legend:
 A = Turns spent in this place as a percentage of turns spent in the entire game.
 B = Non-inter-level travel turns spent in this place as a percentage of non-inter-level travel turns spent in the entire game.
 C = Inter-level travel turns spent in this place as a percentage of turns spent in this place.
 D = Turns resting spent in this place as a percentage of non-inter-level travel turns spent in this place.
 E = Turns spent auto-exploring this place as a percentage of non-inter-level travel turns spent in this place.
 F = Non-inter-level travel turns spent in this place divided by the number of levels of this place that you've seen.
                   A       B       C       D       E      F
               +-------+-------+-------+-------+-------+----------------------
         Total | 100.0 | 100.0 |   0.0 |   0.0 |   0.0 |  19.0
       Dungeon | 100.0 | 100.0 |   0.0 |   0.0 |   0.0 |  19.0
               +-------+-------+-------+-------+-------+----------------------

Table legend:
 A = Kills in this place as a percentage of kills in entire the game.
 B = Kills by you in this place as a percentage of kills by you in the entire game.
 C = Kills by friends in this place as a percentage of kills by friends in the entire game.
 D = Other kills in this place as a percentage of other kills in the entire game.
 E = Experience gained in this place as a percentage of experience gained in the entire game.
 F = Experience gained in this place divided by the number of levels of this place that you have seen.
                   A       B       C       D       E      F
               +-------+-------+-------+-------+-------+----------------------
         Total | 100.0 | 100.0 |  -nan |  -nan | 100.0 | 18760.0
       Dungeon | 100.0 | 100.0 |  -nan |  -nan | 100.0 | 18760.0
               +-------+-------+-------+-------+-------+----------------------
